Map: Kairos Junction LE

Players

FionaHippo

  • Race: Zerg Zerg
  • League: Gold
  • Spawn Location: 11:00

GrumpyKitten - Winner!

  • Race: Protoss Protoss
  • League: Silver
  • Spawn Location: 5:00

VOD

Have the link to the VOD?

Description

Time

  • Played on: Feb. 25, 2019, 10:56 p.m.
  • Length: 8:42
Show
View Real Time Build Order
Export as new Build Order

FionaHippo Zerg 

Build Orders: Hatch First 

Get SALT Encoding   

  12  0:02  Drone  
  13  0:08  Drone  
  14  0:19  Overlord  
  14  0:38  Drone  
  14  0:39  Drone x2  
  14  0:42  Extractor  
  16  0:45  Extractor  
  15  0:53  Drone  
  16  1:15  Drone  
  16  1:16  Drone  
  18  1:22  Hatchery  
  17  1:27  Drone, Spawning Pool  
  17  1:35  Overlord  
  17  1:47  Drone  
  19  1:54  Drone  
  19  2:05  Drone  
  20  2:18  Hatchery  
  20  2:20  Drone  
  20  2:25  Metabolic Boost  
  20  2:29  Drone  
  21  2:42  Hatchery  
  20  2:44  Drone  
  20  2:47  Drone  
  22  3:00  Queen  
  24  3:20  Queen  
  24  3:22  Overlord  
  24  3:27  Drone x3  
  27  3:30  Drone  
  27  3:33  Drone  
  31  3:36  Drone  
  32  3:45  Lair  
  32  3:50  Pneumatized Carapace  
  32  3:56  Drone x2  
  34  4:11  Spore Crawler  
  33  4:22  Extractor  
  33  4:23  Spore Crawler  
  33  4:24  Extractor  
  30  4:25  Drone x3  
  30  4:26  Drone x4  
  37  4:35  Queen  
  39  4:40  Queen  
  41  4:50  Drone x2  
  41  4:51  Drone x2  
  45  4:53  Drone  
  45  4:54  Drone  
  45  4:56  Drone  
  48  5:05  Drone x3  
  51  5:18  Drone x5  
  56  5:27  Overlord x4  
  56  5:45  Evolution Chamber  
  56  5:46  Evolution Chamber  
  56  5:47  Evolution Chamber  
  53  5:55  Infestation Pit  
  53  5:56  Hydralisk Den  
  51  6:00  Drone  
  51  6:02  Drone  
  53  6:17  Zerg Melee Weapons Level 1  
  53  6:18  Zerg Missile Weapons Level 1, Zerg Ground Armor Level 1  
  53  6:26  Hatchery  
  53  6:30  Hatchery  
  51  6:43  Grooved Spines  
  51  6:45  Spire  
  51  6:46  Overlord x4  
  50  6:48  Drone x2  
  50  6:49  Drone  
  53  6:59  Hive  
  53  7:25  Spire x2  
  53  7:27  Lurker Den  
  50  7:34  Hydralisk  
  50  7:35  Hydralisk x6  
  64  7:47  Zergling x8  
  64  7:48  Zergling x14  
  64  7:49  Zergling x2  
Show
View Real Time Build Order
Export as new Build Order

GrumpyKitten Protoss - Winner!

Build Orders:  

Get SALT Encoding   

  12  0:00  Probe  
  13  0:13  Probe  
  14  0:20  Pylon  
  14  0:25  Probe  
  15  0:38  Gateway  
  15  0:42  Probe  
  16  0:47  Assimilator  
  16  1:02  Probe  
  17  1:14  Probe  
  18  1:26  Probe  
  18  1:27  Cybernetics Core  
  20  1:45  Nexus  
  19  1:51  Assimilator  
  19  1:52  Probe  
  20  2:02  Pylon  
  20  2:14  Stalker  
  22  2:24  Twilight Council  
  22  2:29  Warp Gate, Probe  
  23  2:37  Probe  
  24  2:45  Probe  
  25  2:55  Stalker  
  27  3:02  Probe  
  27  3:04  Probe, Charge  
  28  3:10  Probe  
  29  3:12  Probe  
  29  3:18  Probe  
  31  3:22  Probe  
  33  3:30  Robotics Facility  
  33  3:33  Pylon, Probe  
  34  3:43  Gateway  
  34  3:50  Probe, Gateway  
  34  3:53  Probe  
  36  4:02  Probe  
  37  4:05  Probe  
  37  4:08  Gateway  
  37  4:14  Probe  
  37  4:16  Probe  
  39  4:18  Warp Prism  
  39  4:22  Probe  
  41  4:24  Probe  
  43  4:35  Gateway, Probe  
  43  4:37  Probe  
  43  4:38  Gateway  
  43  4:44  Zealot  
  47  4:50  Pylon  
  47  4:54  Pylon  
  47  4:57  Pylon  
  47  5:00  Zealot  
  47  5:01  Zealot  
  47  5:04  Zealot  
  53  5:09  Zealot  
  55  5:26  Pylon  
  55  5:30  Pylon, Gateway  
  55  5:32  Zealot  
  55  5:33  Zealot x3  
  63  5:40  Observer  
  64  5:47  Zealot x2  
  68  6:00  Warp Prism  
  68  6:03  Pylon  
  70  6:19  Zealot  
  70  6:21  Zealot x2  
  70  6:22  Zealot x2  
  80  6:30  Pylon  
  80  6:32  Pylon  
  80  6:34  Pylon  
  80  6:59  Zealot x3  
  80  7:00  Zealot x3  
  80  7:01  Zealot  
  94  7:08  Gateway  
  94  7:09  Gateway  
  94  7:11  Gateway  
  94  7:14  Gateway  
  94  7:18  Pylon  
  94  7:19  Pylon  
  94  7:22  Pylon  
  94  7:23  Zealot  
  94  7:24  Zealot x2  
  94  7:25  Zealot  
  102  7:44  Zealot  
  102  7:45  Zealot x2  
  102  7:46  Zealot x3  
Tags
 
Add a new tag
Caveats
  • Supply blocks, unpowered buildings, or Contaminate may cause inaccurate times.
  • Supply counts are checked every 10 seconds.